 Dungeon Crawl Stone Soup version 0.27.1-33-g824d729ab1 (webtiles) character file.

Game seed: 12058096621126838196

3026 djsenpai the Basher (level 9, -3/79 HPs)
             Began as a Minotaur Berserker on Dec 11, 2021.
             Was a Priest of Trog.
             Killed from afar by an electric eel (9 damage)
             ... with a bolt of electricity
             ... on level 8 of the Dungeon.
             The game lasted 00:15:51 (7797 turns).

djsenpai the Basher (Minotaur Berserker)            Turns: 7797, Time: 00:15:52

Health: -3/79      AC: 12    Str: 34    XL:     9   Next: 55%
Magic:  8/8        EV: 13    Int: 11    God:    Trog [***...]
Gold:   443        SH:  4    Dex: 13    Spells: 8/8 levels left

rFire    . . .     SeeInvis +   v - +4 war axe of Grace {vorpal, Int+7 SInv}
rCold    . . .     Faith    .   A - +0 buckler
rNeg     . . .     Spirit   .   w - +6 ring mail "Dimassorey" {Str+3 Dex+3}
rPois    .         Reflect  .   (helmet restricted)
rElec    .         Harm     .   (no cloak)
rCorr    .         Rampage  .   (no gloves)
Will     ++...                  (no boots)
Stlth    +.........             (no amulet)
HPRegen  1.23/turn              a - +6 ring of strength
MPRegen  0.11/turn              (no ring)

@: strong-willed, on berserk cooldown, regenerating, slowed, very slow
A: horns 2, retaliatory headbutt
a: Renounce Religion, Berserk, Trog's Hand


You were on level 8 of the Dungeon.
You worshipped Trog.
Trog was most pleased with you.
You visited 1 branch of the dungeon, and saw 8 of its levels.

You collected 443 gold pieces.

Inventory:

Hand Weapons
 v - the +4 war axe of Grace (weapon) {vorpal, Int+7 SInv}
   (You found it on level 7 of the Dungeon)

   It inflicts extra damage upon your enemies.
   Int:       It affects your intelligence (+7).
   SInv:      It lets you see invisible.
Missiles
 j - a throwing net (quivered)
Armour
 w - the +6 ring mail "Dimassorey" (worn) {Str+3 Dex+3}
   (You found it on level 6 of the Dungeon)

   Str:       It affects your strength (+3).
   Dex:       It affects your dexterity (+3).
 A - a +0 buckler (worn)
Jewellery
 a - a +6 ring of strength (left hand)
Wands
 c - a wand of acid (10)
 q - a wand of iceblast (8)
 t - a wand of flame (28)
Scrolls
 d - 2 scrolls of enchant armour {unknown}
 e - 2 scrolls of silence {unknown}
 f - 7 scrolls of identify {unknown}
 h - a scroll of blinking {unknown}
 i - 2 scrolls of summoning {unknown}
 k - 3 scrolls of magic mapping {unknown}
 m - 2 scrolls of teleportation {unknown}
 n - 2 scrolls of noise {unknown}
 o - 2 scrolls of fog {unknown}
 s - 2 scrolls of amnesia {unknown}
 x - 2 scrolls of immolation {unknown}
 y - a scroll of fear {unknown}
Potions
 b - a potion of mutation {unknown}
 g - a potion of magic {unknown}
 l - a potion of degeneration {unknown}
 p - 3 potions of flight {unknown}
 r - 2 potions of curing {unknown}
 u - 4 potions of attraction {unknown}
 z - 2 potions of heal wounds {unknown}
 B - a potion of lignification {unknown}
 C - 2 potions of cancellation {unknown}


   Skills:
 + Level 7.6 Fighting
 * Level 3.7(7.3) Axes
 - Level 9.9(10.2) Maces & Flails
 + Level 8.6 Armour
 + Level 4.8 Dodging
 + Level 2.1 Stealth
 * Level 2.5 Shields


You had 8 spell levels left.
You didn't know any spells.
Your spell library contained the following spells:

 Spells                   Type           Power      Damage    Failure   Level
 Sublimation of Blood     Necr           0%         N/A       63%         2
 Wereblood                Tmut           0%         N/A       63%         2
 Summon Lightning Spire   Summ/Air       0%         N/A       99%         4
 Storm Form               Tmut/Air       0%         N/A       100%        7
 Summon Hydra             Summ           0%         N/A       100%        7
 Maxwell's Capacitive Co  Air            0%         ∞         100%        8


Dungeon Overview and Level Annotations

Branches:
Dungeon (8/15)             Temple (0/1) D:4            Lair (0/6) D:8

Altars:
Ashenzari
Hepliaklqana
Makhleb
Uskayaw
Xom


Innate Abilities, Weirdness & Mutations

You have a pair of horns on your head.
You reflexively headbutt those who attack you in melee.


Message History

The electric eel shoots out a bolt of lightning at you!
The bolt of electricity hits you.
A steam dragon comes into view.
The electric eel shoots out a bolt of lightning at you!
The bolt of electricity misses you.
The wolf pauses to sniff the water.
The electric eel shoots out a bolt of lightning at you!
The bolt of electricity hits you.
The wolf howls!
The electric eel shoots out a bolt of lightning at you!
The bolt of electricity hits you!
The wolf pauses to sniff the water.
The steam dragon breathes steam at you. The ball of steam hits you!
* * * LOW HITPOINT WARNING * * *
You hear a bark!
Your skin crawls.
You feel strong-willed.
You are engulfed in a cloud of scalding steam.
* * * LOW HITPOINT WARNING * * *
Really walk into that cloud of steam? [Y]es or [N]o only, please.
Really walk into that cloud of steam?
Okay, then.
You hit the steam dragon. Your headbutt misses the steam dragon.
The steam dragon is lightly wounded.
The electric eel shoots out a bolt of lightning at you!
The bolt of electricity hits you.
* * * LOW HITPOINT WARNING * * *
The steam dragon completely misses you. You furiously retaliate!
You headbutt the steam dragon!
The steam dragon claws you but does no damage.
The electric eel shoots out a bolt of lightning at you!
The bolt of electricity hits you!
* * * LOW HITPOINT WARNING * * *
The wolf splashes around in the water.
The steam dragon closely misses you. x2
The wolf stops to sniff the water.
The electric eel shoots out a bolt of lightning at you!
The bolt of electricity hits you!
You die...

≈≈.≈≈....## #.......
≈≈≈≈≈....##. #...##..
..≈≈≈≈≈...##.. ##...##..
...≈≈≈≈≈≈...#... #.....#..
...≈hh≈≈≈...#....#.....#..
.>..≈≈≈≈≈...#....'.....#..
...≈h≈≈;≈D.##....##....#..
≈.≈.≈≈≈≈≈h.########....#..
≈≈≈≈≈≈≈≈≈@..#....'.....#..
≈≈≈≈≈≈≈.≈...#..(.#.....#..
.≈≈≈≈≈......#....#....##..
≈≈≈≈≈≈.$...##....##...#
≈$...≈.....##....##....#
≈.≈$........))...#######
.......?.........#
#.....##.....(.......
...........##....##...


You could see a steam dragon, 3 wolves, a hound and an electric eel.

Vanquished Creatures
  Pikel (D:5)
  Sigmund (D:6)
  A wyvern (D:7)
  A steam dragon (D:8)
  A water moccasin (D:7)
  2 sky beasts
  A black bear (D:4)
  7 ogres
  2 lemures (D:5)
  A bullfrog (D:7)
  A scorpion (D:4)
  A water moccasin zombie (D:6)
  3 wights (D:8)
  2 electric eels (D:8)
  2 jellies
  2 centaur skeletons
  4 hounds
  A gnoll shaman (D:5)
  2 orc priests
  A bullfrog skeleton (D:6)
  3 iguanas
  3 orc wizards
  A hound zombie (D:4)
  7 gnolls
  A howler monkey skeleton (D:6)
  6 adders
  3 shadow imps
  An ufetubus (D:7)
  A worm (D:3)
  4 dart slugs
  16 orcs
  7 endoplasms
  2 giant cockroaches
  12 goblins
  12 hobgoblins
  5 kobolds
  7 quokkas
  8 ball pythons
  5 bats
  9 frilled lizards
  A quokka skeleton (D:4)
  4 rats
155 creatures vanquished.

Notes
Turn   | Place    | Note
-------+----------+-------------------------------------------
     0 | D:1      | djsenpai the Minotaur Berserker began the quest for the
                  | Orb.
     0 | D:1      | Reached XP level 1. HP: 19/19 MP: 0/0
   234 | D:1      | Reached XP level 2. HP: 9/27 MP: 1/1
   455 | D:1      | Reached skill level 4 in Maces & Flails
   664 | D:1      | You fall into a shaft and drop 1 floor!
   827 | D:1      | Reached XP level 3. HP: 30/33 MP: 2/2
  1077 | D:2      | Reached ** piety under Trog
  1081 | D:2      | Found a faded altar of an unknown god.
  1141 | D:2      | Found a hazy altar of Hepliaklqana.
  1645 | D:3      | Reached XP level 4. HP: 20/40 MP: 3/3
  1885 | D:3      | Found a broken altar of Ashenzari.
  2002 | D:3      | HP: 1/41 [orc priest/divine providence (15)]
  2028 | D:3      | Reached skill level 5 in Maces & Flails
  2278 | D:3      | Found a shimmering altar of Xom.
  2386 | D:3      | Reached XP level 5. HP: 47/47 MP: 4/4
  2864 | D:4      | Reached skill level 6 in Maces & Flails
  3166 | D:4      | Noticed an ogre
  3175 | D:4      | Killed an ogre
  3176 | D:4      | Reached XP level 6. HP: 55/55 MP: 5/5
  3257 | D:4      | Reached skill level 5 in Fighting
  3472 | D:4      | Reached *** piety under Trog
  3679 | D:4      | Found a hide-covered altar of Uskayaw.
  3689 | D:4      | Found a hazy altar of Hepliaklqana.
  3766 | D:4      | Found a staircase to the Ecumenical Temple.
  4013 | D:4      | Reached skill level 7 in Maces & Flails
  4013 | D:4      | Reached XP level 7. HP: 61/61 MP: 6/6
  4237 | D:4      | Reached skill level 5 in Armour
  4237 | D:4      | Reached skill level 1 in Stealth
  4716 | D:5      | Entered Level 5 of the Dungeon
  4914 | D:5      | Noticed Pikel
  4937 | D:5      | Killed Pikel
  4938 | D:5      | Reached skill level 8 in Maces & Flails
  4938 | D:5      | Reached XP level 8. HP: 44/70 MP: 7/7
  5069 | D:5      | You fall into a shaft and drop 1 floor!
  5071 | D:6      | Identified the +6 ring mail "Dimassorey" {Str+3 Dex+3}
  5112 | D:6      | Noticed Sigmund
  5117 | D:6      | Killed Sigmund
  5118 | D:6      | Reached skill level 9 in Maces & Flails
  5221 | D:6      | Found a burning altar of Makhleb.
  5788 | D:5      | Reached XP level 9. HP: 79/79 MP: 8/8
  6551 | D:7      | Identified the +4 war axe of Grace {vorpal, Int+7 SInv}
  6718 | D:7      | Reached skill level 1 in Axes
  6818 | D:7      | Reached skill level 1 in Shields
  7780 | D:8      | Found a staircase to the Lair.
  7797 | D:8      | Killed from afar by an electric eel

Illustrated notes

Levels and vault maps discovered:
D:1:      scummos_arrival_simple_crosswalls, layout_loops_ring
D:2:      layout_basic, basic_altar, ebering_ecumenical_altar_mist,
          minmay_misc_feat_nine_boxes, grunt_ministairs_6
D:3:      layout_loops_ring, cheibrodos_ashenzari_chains, lemuel_crystal_altar,
          chequers_serial_rivers_micro_a
D:4:      minmay_razor_zed, layout_loops_corners,
          amethyst_overflow_temple_binary, temple_fountains,
          minmay_misc_feat_ornament, hangedman_decor_peaks_small,
          corexii_hall_statues_x
D:5:      layout_loops_ring, uniq_pikel
D:6:      layout_gridville, mainiacjoe_overflow_boulevard, uniq_sigmund
D:7:      layout_basic
D:8:      layout_gridville, mainiacjoe_overflow_small_starburst,
          erik_lair_island

Skill      XL: |  1  2  3  4  5  6  7  8  9 |
---------------+----------------------------+-----
Fighting       | 4 5 6 7 |  7.6
Maces & Flails | 4 5 6 7 8 9 |  9.9
Armour         | 3 4 6 7 8 |  8.6
Dodging        | 3 4 |  4.8
Stealth        | 1 2 |  2.1
Axes           | 3 |  3.7
Shields        | 2 |  2.5

Action                   |  1- 3 |  4- 6 |  7- 9 || total
-------------------------+-------+-------+-------++-------
Melee: Mace              |    93 |   102 |   131 ||   326
       Headbutt          |    12 |    22 |    32 ||    66
       War axe           |       |       |    44 ||    44
Invok: Berserk           |       |     5 |     8 ||    13
       Trog's Hand       |       |     1 |     5 ||     6
 Stab: Sleeping          |       |       |     1 ||     1
Armor: Scale mail        |    48 |    24 |    25 ||    97
       Animal skin       |     1 |       |       ||     1
       Ring mail         |       |       |    54 ||    54
Dodge: Dodged            |    69 |    53 |    88 ||   210
Block: Buckler           |       |       |     5 ||     5
